 Dungeon Crawl Stone Soup version 0.31.0 (webtiles) character file.

Game seed: 3310699549109048934

59 qw the Shooter (level 4, -1/28 HPs)
             Began as a Gargoyle Hunter on Jan 19, 2024.
             Slain by a gnoll
             ... wielding a +0 spear
              (4 damage)
             ... on level 3 of the Dungeon.
             The game lasted 00:00:05 (1416 turns).

qw the Shooter (Gargoyle Hunter)                    Turns: 1416, Time: 00:00:05

Health: -1/28      AC:  6    Str: 14    XL:     4   Next: 3%
Magic:  4/4        EV: 11    Int: 10    God:
Gold:   787        SH:  0    Dex: 15    Spells: 3/3 levels left

rFire   . . .        a - +0 shortbow (drain)
rCold   . . .        (shield currently unavailable)
rNeg    + . .        c - +0 leather armour
rPois   inf          (no helmet)
rElec   +            (no cloak)
rCorr   .            (no gloves)
SInv    .            (no boots)
Will    .....        (no amulet)
Stlth   ++           (no ring)
HPRegen 0.24/turn    (no ring)
MPRegen 0.09/turn

%: no passive effects
@: no status effects
A: sickness immunity, AC +3, negative energy resistance 1, electricity
resistance, torment resistance 1, petrification resistance, hooves 1
a: no special abilities


You were on level 3 of the Dungeon.
You visited 1 branch of the dungeon, and saw 3 of its levels.

You collected 787 gold pieces.


Innate Abilities, Weirdness & Mutations

You are immune to sickness and miasma.
Your stone body is resilient. (AC +3)
You are immune to poison.
You resist negative energy. (rN+)
You are resistant to electric shocks. (rElec)
You are resistant to unholy torment.
You are immune to petrification.
You have large cloven feet.


   Skills:
 - Level 3.0 Fighting
 + Level 5.1 Ranged Weapons
 - Level 1.5 Dodging
 - Level 1.1 Stealth


You had 3 spell levels left.
You didn't know any spells.
Your spell library was empty.

Inventory:

Hand Weapons
 a - a +0 shortbow of draining (weapon)
Armour
 c - a +0 leather armour (worn)
Wands
 g - a wand of polymorph (11)
Potions
 d - a potion of haste
 e - 2 potions of curing
 h - a potion of heal wounds {unknown}
 j - 2 potions of mutation
 l - a potion of enlightenment

Dungeon Overview and Level Annotations

Branches:
Dungeon (3/15)

Altars:

Shops:
D:1 [


Message History

You kill the gnoll!
A giant cockroach comes into view.
The gnoll hits you with a +0 club.
Your Fighting skill increases to level 3!
You shoot an arrow. The arrow barely misses the gnoll.
The gnoll hits you with a +0 club.
The giant cockroach bites you but does no damage.
You shoot an arrow. The arrow closely misses the gnoll.
The gnoll hits you with a +0 club. The giant cockroach barely misses you.
The gnoll hits you with a +0 club.
The giant cockroach bites you but does no damage.
You shoot an arrow. The arrow closely misses the gnoll.
The giant cockroach bites you but does no damage.
The gnoll hits you but does no damage.
You shoot an arrow. The arrow barely misses the gnoll.
The giant cockroach bites you but does no damage.
The gnoll barely misses you.
You shoot an arrow. The arrow hits the gnoll.
You drain the gnoll.
The gnoll is severely wounded.
The giant cockroach closely misses you. The gnoll closely misses you.
The giant cockroach barely misses you.
You shoot an arrow. The arrow hits the gnoll.
The gnoll is almost dead.
The gnoll closely misses you. The giant cockroach closely misses you.
You shoot an arrow. The arrow hits the gnoll.
You kill the gnoll!
The bat barely misses you.
The giant cockroach bites you but does no damage.
You have reached level 4!
You feel clever.
You shoot an arrow. The arrow hits the giant cockroach.
The giant cockroach is moderately wounded.
The bat hits you but does no damage. The giant cockroach closely misses you.
The gnoll hits you but does no damage.
The giant cockroach bites you but does no damage.
The gnoll hits you from afar with a +0 spear.
You shoot an arrow. The arrow hits the giant cockroach!
You kill the giant cockroach!
The bat hits you but does no damage.
The gnoll hits you from afar with a +0 spear.
You die...

.......
#...<.g
#...... ##
#.....g
.####...
.....[.
..#...
.......
.g%.
.......##b#
.......)@.#
###.####..#
#.####..#
#......<#
######..#
#..# #..#
#..# ....


You could see a gnoll and a bat.

Vanquished Creatures
  2 gnolls (D:3)
  A dart slug (D:1)
  A ribbon worm (D:2)
  4 ball pythons
  2 bats (D:1)
  3 endoplasms
  A giant cockroach (D:3)
  2 goblins (D:1)
  7 hobgoblins
  2 quokkas
  2 frilled lizards (D:1)
  3 kobolds
  5 rats
35 creatures vanquished.

Notes
Turn   | Place    | Note
-------+----------+-------------------------------------------
     0 | D:1      | qw the Gargoyle Hunter began the quest for the Orb.
     0 | D:1      | Reached XP level 1. HP: 12/12 MP: 1/1
     0 | D:1      | 0 ||| qw: Version: 0.3-a-132-g3d54051
     0 | D:1      | 0 ||| qw: Game counter: 91
     0 | D:1      | 0 ||| qw: Melee chars always use a shield: true
     0 | D:1      | 0 ||| qw: God list: Okawaru
     0 | D:1      | 0 ||| qw: Allow faded altars: false
     0 | D:1      | 0 ||| qw: Do Orc after clearing Dungeon:15 true
     0 | D:1      | 0 ||| qw: Do second Lair branch before Depths: true
     0 | D:1      | 0 ||| qw: Lair rune preference: random
     0 | D:1      | 0 ||| qw: Goals: Normal
     0 | D:1      | 0 ||| PLANNING D:1-11
    92 | D:1      | Reached XP level 2. HP: 15/17 MP: 2/2
   397 | D:1      | Reached XP level 3. HP: 21/21 MP: 3/3
   487 | D:1      | Found a faded altar of an unknown god.
   565 | D:1      | Reached skill level 5 in Ranged Weapons
   675 | D:1      | Found Qiext's Armour Shop.
   680 | D:1      | 680 ||| SHOPLISTING +0 ring mail (48 gold, have 11).
   831 | D:1      | 831 ||| READING 2 scrolls labelled TUEGID ZUFESOIDGH.
   831 | D:1      | 831 ||| IDENTIFYING cyan potion
   832 | D:1      | 832 ||| READING scroll of identify.
   832 | D:1      | 832 ||| IDENTIFYING ruby potion
   833 | D:1      | 833 ||| READING scroll labelled YZAMME ZIEMISI.
   833 | D:1      | 833 ||| ENCHANTING +0 shortbow.
   834 | D:1      | 834 ||| READING scroll labelled YZAEZX YFRERU.
   834 | D:1      | 834 ||| BRANDING +0 shortbow.
   835 | D:1      | 835 ||| READING scroll labelled XEHIEVOZEON.
   839 | D:1      | 839 ||| DRINKING 2 pink potions.
   840 | D:1      | 840 ||| DRINKING 3 lumpy silvery potions.
   840 | D:1      | Gained mutation: You have large cloven feet. [potion of
                  | mutation]
   841 | D:1      | 841 ||| DRINKING 2 sedimented dark potions.
   842 | D:1      | 842 ||| DROPPING scroll of butterflies.
   843 | D:1      | 843 ||| DROPPING potion of brilliance.
   844 | D:1      | 844 ||| DROPPING potion of attraction.
  1368 | D:2      | 1368 ||| READING scroll of identify.
  1368 | D:2      | 1368 ||| IDENTIFYING silvery potion
  1369 | D:2      | 1369 ||| READING scroll labelled AWUSOI AWNOGI.
  1369 | D:2      | Identified a scroll of acquirement
  1369 | D:2      | 1369 ||| ACQUIRING 738 gold pieces
  1369 | D:2      | Acquired 738 gold pieces
  1398 | D:3      | 1398 ||| RETREEEEATING.
  1400 | D:3      | 1400 ||| RETREEEEATING.
  1408 | D:3      | Reached skill level 3 in Fighting
  1409 | D:3      | HP: 5/23 [gnoll/+0 club (3)]
  1415 | D:3      | Reached XP level 4. HP: 6/28 MP: 4/4
  1415 | D:3      | HP: 3/28 [gnoll/+0 spear (3)]
  1416 | D:3      | Slain by a gnoll

Levels and vault maps discovered:
D:1:      ncdulo_lavacross, layout_basic, serial_shops, shop,
          shapermc_ecumenical_altar_mp_highgroup
D:2:      layout_basic
D:3:      layout_loops_ring, minmay_misc_feat_pillars,
          chequers_serial_rivers_small_b, minmay_goblin_kobold_house,
          uniq_jessica

Skill      XL: |  1  2  3 |
---------------+----------+-----
Ranged Weapons | 5 |  5.1
Fighting       | 3 |  3.0
Dodging        | |  1.5
Stealth        | |  1.1

Action                     |  1- 3 |  4- 6 || total
---------------------------+-------+-------++-------
   Fire: Shortbow          |   104 |     2 ||   106
    Use: Scroll            |     7 |       ||     7
         Potion            |     3 |       ||     3
 Armour: Leather armour    |    37 |     6 ||    43
  Dodge: Dodged            |    58 |     1 ||    59

Table legend:
 A = Non-vault XP
 B = Vault XP
 C = Vault XP percentage of total XP
 D = Non-vault monster count
 E = Vault monster count
 F = Vault count percentage of total count
                 A         B        C        D         E       F
            +---------+---------+-------+---------+---------+-------
      Total |      87 |       0 |   0.0 |      35 |       0 |   0.0
            +---------+---------+-------+---------+---------+-------
        D:1 |      41 |       0 |   0.0 |      24 |       0 |   0.0
        D:2 |      15 |       0 |   0.0 |       7 |       0 |   0.0
        D:3 |      31 |       0 |   0.0 |       4 |       0 |   0.0
            +---------+---------+-------+---------+---------+-------
